Workbook

Sheet Beschreibung
A1: Musterklient | C1: 2013
A2: 1010 Wien, Mustergasse 1
B6: Gemäß § 127 BAO sind gewerbliche Unternehmer verpflichtet, für steuerliche Zwecke ein
B7: Wareneingangsbuch zu führen, wenn diese den Gewinn mittels einer Einnahmen-Ausgaben-
B8: Rechnung ermitteln.
B10: § 128. (1) In das Wareneingangsbuch (§ 127) sind alle Waren (einschließlich der Rohstoffe,
B11: Halberzeugnisse, Hilfsstoffe und Zutaten) einzutragen, die der Unternehmer zur gewerblichen
B12: Weiterveräußerung, sei es in derselben Beschaffenheit, sei es nach vorheriger Bearbeitung oder
B13: Verarbeitung, auf eigene oder auf fremde Rechnung erwirbt. Waren, die nach der Art des Betriebes
B14: üblicherweise zur gewerblichen Weiterveräußerung erworben werden, sind auch dann
B15: einzutragen, wenn sie für betriebsfremde Zwecke verwendet werden.
B16: (2) Das Wareneingangsbuch muß für die im Abs. 1 bezeichneten Waren folgende Angaben enthalten: a) fortlaufende Nummer der Eintragung; b) Tag des Wareneinganges oder der Rechnungsausstellung; c) Name (Firma) und Anschrift des Lieferanten; d) Bezeichnung, wobei eine branchenübliche Sammelbezeichnung genügt; e) Preis; f) Hinweis auf die dazugehörigen Belege. (BGBl 1989/660 ab 1990)
B17: (3) Die Eintragungen sind in richtiger zeitlicher Reihenfolge vorzunehmen; die Beträge sind monatlich l 1989/660 ab 1990)
B18: und jährlich zusammenzurechnen. Die Eintragungen sind zeitgerecht im Sinne des § 131 Abs. 1 Z 2
... B30: gelöscht. Somit haben Sie immer einen aktuellen Saldo der unbezahlten Rechnungen.

Sheet Seite 1
B1: =Beschreibung!A1 -> Musterklient | H1: Jahr: | I1: =Beschreibung!C1 -> 2013
B2: =Beschreibung!A2 -> 1010 Wien, Mustergasse 1 | H2: Seite: | I2: 1
H3: OP-Saldo: | I3: =K40 -> 0
B4: Waren- und Rechnungseingangsbuch
K5: Offene-Posten
B7: Datum | C7: WE.Nr. | D7: Lieferant | E7: RE.Nr. | F7: Gegenstand | G7: Betrag | H7: bezahlt am | I7: bezahlt wo
C9: 1 | K9: =IF(H9<>0,"bezahlt",+G9) -> 0
C10: =C9+1 -> 2 | K10: =IF(H10<>0,"bezahlt",+G10) -> 0
C11: =C10+1 -> 3 | K11: =IF(H11<>0,"bezahlt",+G11) -> 0
C12: =C11+1 -> 4 | K12: =IF(H12<>0,"bezahlt",+G12) -> 0
C13: =C12+1 -> 5 | K13: =IF(H13<>0,"bezahlt",+G13) -> 0
C14: =C13+1 -> 6 | K14: =IF(H14<>0,"bezahlt",+G14) -> 0
C15: =C14+1 -> 7 | K15: =IF(H15<>0,"bezahlt",+G15) -> 0
C16: =C15+1 -> 8 | K16: =IF(H16<>0,"bezahlt",+G16) -> 0
C17: =C16+1 -> 9 | K17: =IF(H17<>0,"bezahlt",+G17) -> 0
C18: =C17+1 -> 10 | K18: =IF(H18<>0,"bezahlt",+G18) -> 0
C19: =C18+1 -> 11 | K19: =IF(H19<>0,"bezahlt",+G19) -> 0
C20: =C19+1 -> 12 | K20: =IF(H20<>0,"bezahlt",+G20) -> 0
C21: =C20+1 -> 13 | K21: =IF(H21<>0,"bezahlt",+G21) -> 0
... C38: =C37+1 -> 30 | K38: =IF(H38<>0,"bezahlt",+G38) -> 0
F40: Summe | G40: =SUM(G9:G38) -> 0 | K40: =SUM(K9:K38) -> 0

Sheet Seite 2
B1: =Beschreibung!A1 -> Musterklient | H1: Jahr: | I1: ='Seite 1'!I1 -> 2013
B2: =Beschreibung!A2 -> 1010 Wien, Mustergasse 1 | H2: Seite: | I2: 2
H3: OP-Saldo: | I3: =K40 -> 0
B4: Waren- und Rechnungseingangsbuch
K5: Offene-Posten
B7: Datum | C7: WE.Nr. | D7: Lieferant | E7: RE.Nr. | F7: Gegenstand | G7: Betrag | H7: bezahlt am | I7: bezahlt wo
K8: ='Seite 1'!K40 -> 0 | L8: Übertrag
C9: ='Seite 1'!C38+1 -> 31 | K9: =IF(H9<>0,"bezahlt",+G9) -> 0
C10: =C9+1 -> 32 | K10: =IF(H10<>0,"bezahlt",+G10) -> 0
C11: =C10+1 -> 33 | K11: =IF(H11<>0,"bezahlt",+G11) -> 0
C12: =C11+1 -> 34 | K12: =IF(H12<>0,"bezahlt",+G12) -> 0
C13: =C12+1 -> 35 | K13: =IF(H13<>0,"bezahlt",+G13) -> 0
C14: =C13+1 -> 36 | K14: =IF(H14<>0,"bezahlt",+G14) -> 0
C15: =C14+1 -> 37 | K15: =IF(H15<>0,"bezahlt",+G15) -> 0
C16: =C15+1 -> 38 | K16: =IF(H16<>0,"bezahlt",+G16) -> 0
C17: =C16+1 -> 39 | K17: =IF(H17<>0,"bezahlt",+G17) -> 0
C18: =C17+1 -> 40 | K18: =IF(H18<>0,"bezahlt",+G18) -> 0
C19: =C18+1 -> 41 | K19: =IF(H19<>0,"bezahlt",+G19) -> 0
C20: =C19+1 -> 42 | K20: =IF(H20<>0,"bezahlt",+G20) -> 0
C21: =C20+1 -> 43 | K21: =IF(H21<>0,"bezahlt",+G21) -> 0
... C38: =C37+1 -> 60 | K38: =IF(H38<>0,"bezahlt",+G38) -> 0
F40: Summe | G40: =SUM(G9:G38) -> 0 | K40: =SUM(K8:K38) -> 0
F41: Vorseite | G41: ='Seite 1'!G40 -> 0
F42: gesamt | G42: =G40+G41 -> 0

Sheet Seite 3
B1: =Beschreibung!A1 -> Musterklient | H1: Jahr: | I1: ='Seite 1'!I1 -> 2013
B2: =Beschreibung!A2 -> 1010 Wien, Mustergasse 1 | H2: Seite: | I2: 3
H3: OP-Saldo: | I3: =K40 -> 0
B4: Waren- und Rechnungseingangsbuch
K5: Offene-Posten
B7: Datum | C7: WE.Nr. | D7: Lieferant | E7: RE.Nr. | F7: Gegenstand | G7: Betrag | H7: bezahlt am | I7: bezahlt wo
K8: ='Seite 2'!K40 -> 0 | L8: Übertrag
C9: ='Seite 2'!C38+1 -> 61 | K9: =IF(H9<>0,"bezahlt",+G9) -> 0
C10: =C9+1 -> 62 | K10: =IF(H10<>0,"bezahlt",+G10) -> 0
C11: =C10+1 -> 63 | K11: =IF(H11<>0,"bezahlt",+G11) -> 0
C12: =C11+1 -> 64 | K12: =IF(H12<>0,"bezahlt",+G12) -> 0
C13: =C12+1 -> 65 | K13: =IF(H13<>0,"bezahlt",+G13) -> 0
C14: =C13+1 -> 66 | K14: =IF(H14<>0,"bezahlt",+G14) -> 0
C15: =C14+1 -> 67 | K15: =IF(H15<>0,"bezahlt",+G15) -> 0
C16: =C15+1 -> 68 | K16: =IF(H16<>0,"bezahlt",+G16) -> 0
C17: =C16+1 -> 69 | K17: =IF(H17<>0,"bezahlt",+G17) -> 0
C18: =C17+1 -> 70 | K18: =IF(H18<>0,"bezahlt",+G18) -> 0
C19: =C18+1 -> 71 | K19: =IF(H19<>0,"bezahlt",+G19) -> 0
C20: =C19+1 -> 72 | K20: =IF(H20<>0,"bezahlt",+G20) -> 0
C21: =C20+1 -> 73 | K21: =IF(H21<>0,"bezahlt",+G21) -> 0
... C38: =C37+1 -> 90 | K38: =IF(H38<>0,"bezahlt",+G38) -> 0
F40: Summe | G40: =SUM(G9:G38) -> 0 | K40: =SUM(K8:K38) -> 0
F41: Vorseite | G41: ='Seite 2'!G42 -> 0
F42: gesamt | G42: =G40+G41 -> 0

Sheet Seite 4
B1: =Beschreibung!A1 -> Musterklient | H1: Jahr: | I1: ='Seite 1'!I1 -> 2013
B2: =Beschreibung!A2 -> 1010 Wien, Mustergasse 1 | H2: Seite: | I2: 4
H3: OP-Saldo: | I3: =K40 -> 0
B4: Waren- und Rechnungseingangsbuch
K5: Offene-Posten
B7: Datum | C7: WE.Nr. | D7: Lieferant | E7: RE.Nr. | F7: Gegenstand | G7: Betrag | H7: bezahlt am | I7: bezahlt wo
K8: ='Seite 3'!K40 -> 0 | L8: Übertrag
C9: ='Seite 3'!C38+1 -> 91 | K9: =IF(H9<>0,"bezahlt",+G9) -> 0
C10: =C9+1 -> 92 | K10: =IF(H10<>0,"bezahlt",+G10) -> 0
C11: =C10+1 -> 93 | K11: =IF(H11<>0,"bezahlt",+G11) -> 0
C12: =C11+1 -> 94 | K12: =IF(H12<>0,"bezahlt",+G12) -> 0
C13: =C12+1 -> 95 | K13: =IF(H13<>0,"bezahlt",+G13) -> 0
C14: =C13+1 -> 96 | K14: =IF(H14<>0,"bezahlt",+G14) -> 0
C15: =C14+1 -> 97 | K15: =IF(H15<>0,"bezahlt",+G15) -> 0
C16: =C15+1 -> 98 | K16: =IF(H16<>0,"bezahlt",+G16) -> 0
C17: =C16+1 -> 99 | K17: =IF(H17<>0,"bezahlt",+G17) -> 0
C18: =C17+1 -> 100 | K18: =IF(H18<>0,"bezahlt",+G18) -> 0
C19: =C18+1 -> 101 | K19: =IF(H19<>0,"bezahlt",+G19) -> 0
C20: =C19+1 -> 102 | K20: =IF(H20<>0,"bezahlt",+G20) -> 0
C21: =C20+1 -> 103 | K21: =IF(H21<>0,"bezahlt",+G21) -> 0
... C38: =C37+1 -> 120 | K38: =IF(H38<>0,"bezahlt",+G38) -> 0
F40: Summe | G40: =SUM(G9:G38) -> 0 | K40: =SUM(K8:K38) -> 0
F41: Vorseite | G41: ='Seite 3'!G42 -> 0
F42: gesamt | G42: =G40+G41 -> 0

Sheet Seite 5
B1: =Beschreibung!A1 -> Musterklient | H1: Jahr: | I1: ='Seite 1'!I1 -> 2013
B2: =Beschreibung!A2 -> 1010 Wien, Mustergasse 1 | H2: Seite: | I2: 5
H3: OP-Saldo: | I3: =K40 -> 0
B4: Waren- und Rechnungseingangsbuch
K5: Offene-Posten
B7: Datum | C7: WE.Nr. | D7: Lieferant | E7: RE.Nr. | F7: Gegenstand | G7: Betrag | H7: bezahlt am | I7: bezahlt wo
K8: ='Seite 4'!K40 -> 0 | L8: Übertrag
C9: ='Seite 4'!C38+1 -> 121 | K9: =IF(H9<>0,"bezahlt",+G9) -> 0
C10: =C9+1 -> 122 | K10: =IF(H10<>0,"bezahlt",+G10) -> 0
C11: =C10+1 -> 123 | K11: =IF(H11<>0,"bezahlt",+G11) -> 0
C12: =C11+1 -> 124 | K12: =IF(H12<>0,"bezahlt",+G12) -> 0
C13: =C12+1 -> 125 | K13: =IF(H13<>0,"bezahlt",+G13) -> 0
C14: =C13+1 -> 126 | K14: =IF(H14<>0,"bezahlt",+G14) -> 0
C15: =C14+1 -> 127 | K15: =IF(H15<>0,"bezahlt",+G15) -> 0
C16: =C15+1 -> 128 | K16: =IF(H16<>0,"bezahlt",+G16) -> 0
C17: =C16+1 -> 129 | K17: =IF(H17<>0,"bezahlt",+G17) -> 0
C18: =C17+1 -> 130 | K18: =IF(H18<>0,"bezahlt",+G18) -> 0
C19: =C18+1 -> 131 | K19: =IF(H19<>0,"bezahlt",+G19) -> 0
C20: =C19+1 -> 132 | K20: =IF(H20<>0,"bezahlt",+G20) -> 0
C21: =C20+1 -> 133 | K21: =IF(H21<>0,"bezahlt",+G21) -> 0
... C38: =C37+1 -> 150 | K38: =IF(H38<>0,"bezahlt",+G38) -> 0
F40: Summe | G40: =SUM(G9:G38) -> 0 | K40: =SUM(K8:K38) -> 0
F41: Vorseite | G41: ='Seite 4'!G42 -> 0
F42: gesamt | G42: =G40+G41 -> 0

Sheet Seite 6
B1: =Beschreibung!A1 -> Musterklient | H1: Jahr: | I1: ='Seite 1'!I1 -> 2013
B2: =Beschreibung!A2 -> 1010 Wien, Mustergasse 1 | H2: Seite: | I2: 6
H3: OP-Saldo: | I3: =K40 -> 0
B4: Waren- und Rechnungseingangsbuch
K5: Offene-Posten
B7: Datum | C7: WE.Nr. | D7: Lieferant | E7: RE.Nr. | F7: Gegenstand | G7: Betrag | H7: bezahlt am | I7: bezahlt wo
K8: ='Seite 2'!K40 -> 0 | L8: Übertrag
C9: ='Seite 5'!C38+1 -> 151 | K9: =IF(H9<>0,"bezahlt",+G9) -> 0
C10: =C9+1 -> 152 | K10: =IF(H10<>0,"bezahlt",+G10) -> 0
C11: =C10+1 -> 153 | K11: =IF(H11<>0,"bezahlt",+G11) -> 0
C12: =C11+1 -> 154 | K12: =IF(H12<>0,"bezahlt",+G12) -> 0
C13: =C12+1 -> 155 | K13: =IF(H13<>0,"bezahlt",+G13) -> 0
C14: =C13+1 -> 156 | K14: =IF(H14<>0,"bezahlt",+G14) -> 0
C15: =C14+1 -> 157 | K15: =IF(H15<>0,"bezahlt",+G15) -> 0
C16: =C15+1 -> 158 | K16: =IF(H16<>0,"bezahlt",+G16) -> 0
C17: =C16+1 -> 159 | K17: =IF(H17<>0,"bezahlt",+G17) -> 0
C18: =C17+1 -> 160 | K18: =IF(H18<>0,"bezahlt",+G18) -> 0
C19: =C18+1 -> 161 | K19: =IF(H19<>0,"bezahlt",+G19) -> 0
C20: =C19+1 -> 162 | K20: =IF(H20<>0,"bezahlt",+G20) -> 0
C21: =C20+1 -> 163 | K21: =IF(H21<>0,"bezahlt",+G21) -> 0
... C38: =C37+1 -> 180 | K38: =IF(H38<>0,"bezahlt",+G38) -> 0
F40: Summe | G40: =SUM(G9:G38) -> 0 | K40: =SUM(K8:K38) -> 0
F41: Vorseite | G41: ='Seite 5'!G42 -> 0
F42: gesamt | G42: =G40+G41 -> 0
